 Dungeon Crawl Stone Soup version 0.30-a0-778-g2ef04afb54 (webtiles) character file.

Game seed: 17278482805901676689

887 mopl the Magician (level 7, 0/50 HPs)
             Began as a Purple Draconian Air Elementalist on Feb 15, 2023.
             Was a Follower of Vehumet.
             Slain by a gnoll zombie (3 damage)
             ... in an ossuary.
             The game lasted 00:08:26 (3377 turns).

mopl the Magician (DrAE)                            Turns: 3377, Time: 00:08:26

Health: 0/50       AC:  6    Str:  9 (10) XL:     7   Next: 77%
Magic:  2/16       EV: 12    Int: 17 (18) God:    Vehumet [*.....]
Gold:   279        SH:  0    Dex: 10 (11) Spells: 8/18 levels left

rFire   . . .      SeeInvis .    y - staff of conjuration
rCold   . . .      Faith    .    (no shield)
rNeg    . . .      Spirit   .    (body armour unavailable)
rPois   .          Reflect  .    (helmet restricted)
rElec   .          Harm     .    (no cloak)
rCorr   .          Rampage  .    (no gloves)
Will    +....                    (no boots)
Stlth   ++                       (no amulet)
HPRegen 0.28/turn                e - ring of flight
MPRegen 0.15/turn                (no ring)

@: flying, very slightly contaminated
A: breathe power, AC +6, unfitting armour, cold-blooded
a: Breathe Dispelling Energy, Renounce Religion


You were in an ossuary.
You worshipped Vehumet.
Vehumet was aware of your devotion.
You visited 1 branch of the dungeon, and saw 5 of its levels.
You also visited: Ossuary.

You collected 301 gold pieces.
You spent 22 gold pieces at shops.

Inventory:

Hand Weapons
 d - a +0 dagger
Missiles
 h - 8 boomerangs
 l - 11 poisoned darts
 u - 2 throwing nets
Armour
 D - a +0 buckler
Magical Staves
 r - a staff of poison
 t - a staff of cold
 y - a staff of conjuration (weapon)
Jewellery
 e - a ring of flight (left hand)
Wands
 s - a wand of roots (6)
Scrolls
 c - a scroll of silence {unknown}
 f - 3 scrolls of enchant armour {unknown}
 g - 3 scrolls of noise
 i - a scroll of brand weapon {unknown}
 m - 2 scrolls of blinking {unknown}
 p - a scroll of acquirement {unknown}
 q - a scroll of teleportation {unknown}
 v - a scroll of fog {unknown}
 A - a scroll of magic mapping {unknown}
 C - a scroll of vulnerability {unknown}
Potions
 a - 3 potions of magic
 b - 2 potions of haste
 j - 4 potions of brilliance
 n - a potion of cancellation {unknown}
 o - a potion of flight {unknown}
 w - a potion of might {unknown}
 x - a potion of invisibility {unknown}
 z - a potion of lignification {unknown}
 B - a potion of attraction {unknown}


   Skills:
 - Level 1.7 Dodging
 - Level 1.7 Stealth
 + Level 0.0 Shields
 + Level 6.0 Spellcasting
 + Level 5.0 Conjurations
 + Level 5.8 Air Magic
 + Level 1.1 Evocations


You had 8 spell levels left.
You knew the following spells:

 Your Spells              Type           Power      Damage    Failure   Level
a - Shock                 Conj/Air       100%       1d9       1%          1
b - Static Discharge      Conj/Air       70%        2-5/arc   1%          2
f - Airstrike             Air            12%        2d(2-18)  12%         4
n - Swiftness             Air            25%        N/A       3%          3

Your spell library contained the following spells:

 Spells                   Type           Power      Damage    Failure   Level
 Foxfire                  Conj/Fire      80%        2x1d8     4%          1
 Momentum Strike          Conj/Tloc      40%        3d9       7%          2
 Vhi's Electric Charge    Tloc/Air       30%        N/A       12%         3
 Blink                    Tloc           10%        N/A       19%         2
 Lesser Beckoning         Tloc           10%        N/A       19%         2
 Arcjolt                  Conj/Air       17%        1d27      36%         5
 Lightning Bolt           Conj/Air       17%        1d32      36%         5


Dungeon Overview and Level Annotations

Branches:
Dungeon (5/15)             Temple (0/1) D:4         Ossuary (1/1)

Altars:
Gozag
Hepliaklqana
Okawaru
Qazlal
Trog
Uskayaw
Vehumet
The Shining One

Shops:
D:1 [*=([

Annotations:
D:2 Sigmund


Innate Abilities, Weirdness & Mutations

You can breathe bolts of dispelling energy.
Your rich purple scales are hard. (AC +6)
You cannot fit into any form of body armour.
You are cold-blooded and may be slowed by cold attacks.


Message History

The goblin zombie is struck by an arc of lightning.
The goblin zombie is severely damaged.
You are struck by an arc of lightning.
* * * LOW HITPOINT WARNING * * *
The lightning grounds out.
The jackal zombie is struck by an arc of lightning.
You destroy the jackal zombie!
Vehumet accepts your kill.
You are struck by an arc of lightning.
* * * LOW HITPOINT WARNING * * *
The lightning grounds out.
The hound zombie is struck by an arc of lightning.
The hound zombie is heavily damaged.
The elf zombie is struck by an arc of lightning.
The elf zombie is lightly damaged.
The hound zombie is struck by an arc of lightning.
The hound zombie is severely damaged.
The adder zombie is struck by an arc of lightning.
The adder zombie is heavily damaged.
The goblin zombie is struck by an arc of lightning!
You destroy the goblin zombie!
Vehumet accepts your kill.
The lightning grounds out.
The adder zombie bites you.
* * * LOW HITPOINT WARNING * * *
The hound zombie bites you but does no damage.
The hound zombie barely misses you.
The gnoll zombie hits you but does no damage.
The human zombie hits you.
* * * LOW HITPOINT WARNING * * *
Unknown command.
Unknown command.
It was a potion of degeneration.
There was something very wrong with that liquid.
You feel weakened.
You feel dopey.
You feel clumsy. The hound zombie barely misses you.
The adder zombie closely misses you. The hound zombie barely misses you.
The elf zombie hits you.
* * * LOW HITPOINT WARNING * * *
The adder zombie barely misses you. The hound zombie closely misses you.
The hound zombie barely misses you. The gnoll zombie hits you.
You die...

...............
...............
.M.............
............M..
...............
...............
......Z∩Z......
.....ZZ@Z......
......Z.Z......
...............
...............
...............
............M..
...............
...............


You could see 3 mummies, an adder zombie, 2 hound zombies, 2 gnoll zombies, an
elf zombie and a human zombie.

Vanquished Creatures
  Pikel (D:5)
  3 lemures (D:5)
  A scorpion (D:5)
  A howler monkey (D:5)
  A gnoll bouda (D:4)
  A hound (D:4)
  A jelly (D:5)
  2 orc priests
  An orc wizard (D:3)
  A mummy (D:5)
  3 adders
  5 gnolls
  4 dart slugs
  5 orcs
  6 endoplasms
  4 giant cockroaches
  6 goblins
  3 hobgoblins
  9 kobolds
  2 quokkas
  4 ball pythons
  7 bats
  4 frilled lizards
  A goblin zombie (Ossuary)
  2 hobgoblin zombies (D:5)
  2 jackal zombies (Ossuary)
  A kobold zombie (Ossuary)
  An orc zombie (Ossuary)
  4 rats
86 creatures vanquished.

Vanquished Creatures (others)
  A plant (D:2)
1 creature vanquished.

Grand Total: 87 creatures vanquished

Notes
Turn   | Place    | Note
-------+----------+-------------------------------------------
     0 | D:1      | mopl the Draconian Air Elementalist began the quest for the
                  | Orb.
     0 | D:1      | Reached XP level 1. HP: 14/14 MP: 3/3
     3 | D:1      | Found Jywkal's Armour Emporium.
    46 | D:1      | Found Waet's General Store.
   138 | D:1      | Bought a scroll of identify for 22 gold pieces
   141 | D:1      | Found Lomeam Ynaza's Armour Boutique.
   177 | D:1      | Reached XP level 2. HP: 20/20 MP: 5/5
   181 | D:1      | Learned a level 2 spell: Static Discharge
   436 | D:1      | Found Jotal's Antique Weapon Emporium.
   465 | D:1      | Found Immomnam's Jewellery Shop.
   754 | D:2      | Reached XP level 3. HP: 26/26 MP: 3/6
   938 | D:2      | Reached skill level 2 in Conjurations
  1075 | D:2      | Found a faded altar of an unknown god.
  1322 | D:3      | Found a glowing golden altar of the Shining One.
  1345 | D:3      | Found a hazy altar of Hepliaklqana.
  1401 | D:3      | Found an iron altar of Okawaru.
  1556 | D:2      | Noticed Sigmund
  1681 | D:3      | Reached XP level 4. HP: 33/33 MP: 4/8
  1885 | D:4      | Found a staircase to the Ecumenical Temple.
  1994 | D:3      | Reached skill level 3 in Spellcasting
  2118 | D:3      | Reached skill level 4 in Air Magic
  2195 | D:4      | Reached XP level 5. HP: 21/38 MP: 2/9
  2314 | D:4      | Found a radiant altar of Vehumet.
  2332 | D:4      | Reached skill level 3 in Conjurations
  2412 | D:4      | Became a worshipper of Vehumet
  2664 | D:4      | Learned a level 3 spell: Swiftness
  2669 | D:4      | Learned a level 4 spell: Airstrike
  2933 | D:4      | Reached XP level 6. HP: 28/45 MP: 2/11
  3009 | D:4      | Found a stormy altar of Qazlal.
  3073 | D:5      | Entered Level 5 of the Dungeon
  3117 | D:5      | Found a hide-covered altar of Uskayaw.
  3120 | D:5      | Found an opulent altar of Gozag.
  3121 | D:5      | Found a bloodstained altar of Trog.
  3142 | D:5      | Noticed Pikel
  3152 | D:5      | Killed Pikel
  3153 | D:5      | Reached skill level 4 in Spellcasting
  3153 | D:5      | Reached skill level 4 in Conjurations
  3153 | D:5      | Reached skill level 5 in Air Magic
  3153 | D:5      | Your scales start taking on a rich purple colour.
  3153 | D:5      | Reached skill level 5 in Spellcasting
  3153 | D:5      | Reached XP level 7. HP: 42/50 MP: 11/15
  3289 | D:5      | Reached skill level 6 in Spellcasting
  3289 | D:5      | Reached skill level 5 in Conjurations
  3360 | D:5      | Found a sand-covered staircase.
  3364 | D:5      | Reached * piety under Vehumet
  3364 | D:5      | Offered knowledge of Foxfire by Vehumet.
  3365 | D:5      | Reached skill level 1 in Evocations
  3367 | Ossuary  | Entered an ossuary
  3377 | Ossuary  | Slain by a gnoll zombie

Illustrated notes

Levels and vault maps discovered:
D:1:      wander_arrival_desolate, layout_loops_cross, serial_shops,
          nicolae_shop_temple_entry_statues_fountains, shop_fountains,
          nicolae_shop_advertising_works [nicolae_subvault_shop_adworks], shop,
          nicolae_shop_temple_entry_statues_fountains, minmay_octomino_e4
D:2:      layout_basic, shapermc_ecumenical_altar_petra, uniq_sigmund
D:3:      layout_loops_cross, mainiacjoe_overflow_concentric_impassable,
          amcnicky_altar_gilded, mainiacjoe_overflow_six_doors_small
D:4:      layout_cave_pools, grunt_qazlal_clouds, fiery_altar_vehumet,
          minmay_temple_entry_mini_moons
D:5:      layout_layer_cave, grunt_temple_overflow_diamond,
          nicolae_ossuary_entry_giza, uniq_pikel
Ossuary:  ossuary_minmay_tomb_2a

Skill      XL: |  1  2  3  4  5  6  7 |
---------------+----------------------+-----
Conjurations   | 2 3 4 5 |  5.0
Spellcasting   | 3 5 6 |  6.0
Air Magic      | 4 5 |  5.8
Evocations     | 1 |  1.1
Dodging        | |  1.7
Stealth        | |  1.7

Action                     |  1- 3 |  4- 6 |  7- 9 || total
---------------------------+-------+-------+-------++-------
  Melee: Unarmed           |    19 |       |       ||    19
         Tailslap          |     9 |     5 |     2 ||    16
         Dagger            |    33 |    41 |     9 ||    83
         Punch             |       |     3 |       ||     3
         Staff             |       |       |     6 ||     6
  Throw: Dart              |       |     5 |       ||     5
   Cast: Shock             |    62 |    73 |     9 ||   144
         Static Discharge  |       |    11 |     7 ||    18
Ability: Breathe Dispellin |       |       |     1 ||     1
  Evoke: Wand              |       |     6 |       ||     6
    Use: Potion            |       |     1 |     1 ||     2
         Scroll            |       |     2 |     1 ||     3
   Stab: Sleeping          |     2 |       |     1 ||     3
 Armour: Skin              |    11 |    22 |    13 ||    46
  Dodge: Dodged            |    38 |    36 |    29 ||   103

Table legend: (Time is in decaauts)
 A = Elapsed time spent in this place.
 B = Non-inter-level travel time spent in this place.
 C = Inter-level travel time spent in this place.
 D = Time resting spent in this place.
 E = Time spent auto-exploring this place.
 F = Levels seen in this place.
 G = Mean time per level.
                   A        B        C        D        E       F      G
               +--------+--------+--------+--------+--------+-----+--------+
         Total |   3381 |   3264 |    117 |    847 |   1558 |   6 |  563.5 |
       Dungeon |   3371 |   3254 |    117 |    847 |   1558 |   5 |  674.2 |
       Ossuary |      9 |      9 |      0 |      0 |      0 |   1 |    9.0 |
               +--------+--------+--------+--------+--------+-----+--------+

Top non-repeatable levels by time:
     D:3: 1004 daAuts
     D:4: 872 daAuts
     D:1: 735 daAuts
     D:2: 483 daAuts
     D:5: 276 daAuts
 Ossuary: 9 daAuts
